Map: 2000 Atmospheres LE

Players

cure

  • Race: Terran Terran

Spirit (souL) - Winner!

  • Race: Terran Terran

Event: TSL 8

VOD

Have the link to the VOD?

Description

Time

  • Played on: Nov. 27, 2021, 8:02 a.m.
  • Length: 11:34

All games in this series

Show
View Real Time Build Order
Export as new Build Order

cure Terran 

Build Orders:  

Get SALT Encoding   

  12  0:00  SCV  
  13  0:12  SCV  
  14  0:17  Supply Depot  
  14  0:24  SCV  
  15  0:39  SCV  
  15  0:40  Barracks  
  15  0:42  Refinery  
  16  0:51  SCV  
  16  0:52  Refinery  
  17  1:03  SCV  
  18  1:15  SCV  
  19  1:27  Reaper, Orbital Command  
  19  1:30  Supply Depot  
  20  1:42  Factory  
  20  1:53  SCV  
  21  1:59  Barracks Reactor  
  21  2:05  SCV  
  22  2:18  SCV  
  23  2:24  Command Center  
  23  2:27  Hellion  
  25  2:30  SCV  
  25  2:36  Reaper x2  
  28  2:41  Supply Depot  
  28  2:42  SCV  
  29  2:49  Hellion  
  31  2:59  Starport  
  31  3:02  SCV  
  32  3:08  Reaper x2  
  36  3:12  Hellion  
  36  3:15  SCV  
  37  3:23  Refinery  
  38  3:27  SCV  
  38  3:39  SCV  
  37  3:42  Marine x2  
  37  3:46  Factory Tech Lab  
  37  3:47  Starport Tech Lab, Orbital Command  
  37  3:51  SCV  
  38  4:00  Marine x2  
  40  4:03  SCV  
  40  4:06  Cyclone  
  43  4:10  Raven  
  43  4:14  SCV  
  43  4:15  Supply Depot, SCV  
  47  4:18  Marine x2  
  49  4:26  SCV  
  49  4:28  SCV  
  51  4:38  Supply Depot, Marine x2  
  51  4:39  Siege Tank  
  51  4:40  SCV x2  
  58  4:46  Supply Depot  
  58  4:52  SCV x2  
  60  4:53  Raven  
  62  5:00  Marine x2  
  62  5:05  Command Center  
  64  5:08  SCV x2  
  64  5:10  Supply Depot  
  66  5:16  Siege Tank  
  66  5:21  SCV x2  
  71  5:22  Marine x2  
  73  5:33  SCV x2  
  73  5:34  Supply Depot, Refinery  
  75  5:44  Viking x2  
  75  5:46  SCV  
  75  5:47  SCV  
  75  5:48  Siege Tank  
  84  5:51  Marine  
  84  5:52  Stimpack  
  85  5:59  SCV x2  
  85  6:08  Marine  
  83  6:11  SCV  
  83  6:12  SCV  
  83  6:15  Viking x2  
  87  6:22  Orbital Command  
  87  6:26  SCV x2  
  89  6:39  Orbital Command  
  88  6:41  SCV x2  
  88  6:44  Siege Tank, Marine  
  93  6:55  Barracks  
  93  7:00  SCV x2  
  95  7:01  Viking x2, Barracks  
  95  7:02  Marine  
  100  7:10  SCV  
  101  7:16  SCV x2  
  101  7:19  Siege Tank  
  101  7:21  Marine  
  89  7:34  SCV  
  89  7:36  Viking x2  
  76  7:39  Marine  
  76  7:43  Combat Shield  
  74  7:46  SCV  
  74  7:51  Siege Tank, Marine x2  
  76  7:56  Orbital Command  
  78  7:58  SCV  
  78  7:59  Engineering Bay  
  78  8:00  Engineering Bay  
  78  8:02  Marine  
  80  8:10  SCV  
  77  8:14  Barracks Reactor x2  
  77  8:19  Marine  
  72  8:23  SCV  
  72  8:26  Refinery  
  74  8:29  SCV  
  74  8:31  Siege Tank  
  78  8:35  SCV  
  78  8:37  Supply Depot  
  78  8:39  Marine  
  78  8:41  SCV  
  81  8:44  Terran Infantry Weapons Level 1  
  81  8:47  SCV  
  82  8:53  SCV, Marine x3  
  82  8:54  Supply Depot  
  86  8:59  Medivac, Marine  
  86  9:00  Supply Depot, Marine  
  86  9:01  SCV  
  90  9:05  SCV, Terran Infantry Armor Level 1  
  91  9:11  Marine x2  
  91  9:12  Marine  
  91  9:16  Marine  
  95  9:17  Marine  
  95  9:21  Supply Depot, Medivac  
  98  9:29  Marine x3  
  98  9:31  Siege Tank  
  98  9:34  Marine  
  98  9:35  Marine  
  97  9:38  SCV x2  
  89  9:47  Marine x3  
  89  9:51  Medivac  
  89  9:52  Marine  
  95  9:53  Marine  
  96  10:01  Medivac  
  96  10:05  Marine x3  
  96  10:06  Siege Tank  
  104  10:12  SCV x2  
  104  10:13  Supply Depot  
  106  10:18  Marine x2  
  108  10:23  Marine x2  
  108  10:26  Medivac  
  112  10:30  Marine  
  113  10:36  Supply Depot, Marine x2  
  113  10:40  Marine  
  116  10:45  Marine  
Show
View Real Time Build Order
Export as new Build Order

Spirit Terran - Winner!

Build Orders:  

Get SALT Encoding   

  12  0:00  SCV  
  13  0:12  SCV  
  14  0:17  Supply Depot  
  14  0:24  SCV  
  15  0:39  SCV, Barracks  
  16  0:44  Refinery  
  16  0:51  SCV  
  16  0:53  Refinery  
  17  1:03  SCV  
  18  1:15  SCV  
  19  1:27  Reaper, Orbital Command  
  20  1:33  Supply Depot  
  20  1:43  Factory  
  20  1:53  SCV  
  21  1:59  Reaper  
  22  2:05  SCV  
  23  2:16  Command Center  
  23  2:19  SCV  
  24  2:26  Hellion  
  26  2:30  Supply Depot  
  26  2:32  SCV  
  26  2:34  Barracks Reactor  
  27  2:44  SCV  
  28  2:48  Hellion  
  28  2:51  Starport  
  30  2:56  SCV  
  31  3:08  SCV  
  31  3:09  Factory Tech Lab  
  31  3:10  Marine x2  
  34  3:15  Bunker  
  34  3:20  SCV  
  35  3:28  Marine x2  
  35  3:30  Orbital Command  
  35  3:32  SCV  
  34  3:44  SCV  
  34  3:46  Raven, Marine x2  
  34  3:47  Factory Tech Lab  
  36  3:52  Refinery  
  36  3:56  SCV x2  
  38  4:04  Marine  
  38  4:06  Cyclone  
  38  4:08  SCV x2  
  44  4:18  Command Center  
  44  4:20  SCV x2  
  44  4:23  Marine  
  47  4:27  Supply Depot  
  47  4:29  Supply Depot  
  47  4:32  Raven  
  47  4:34  SCV  
  47  4:35  SCV  
  51  4:44  Siege Tank  
  54  4:49  SCV x2, Marine  
  57  4:58  Barracks  
  58  5:01  SCV x2  
  58  5:02  Supply Depot  
  60  5:13  SCV x2  
  61  5:14  Barracks  
  61  5:16  Siege Tank  
  64  5:25  Stimpack, SCV, Starport Reactor, Marine  
  66  5:31  Engineering Bay  
  66  5:32  Refinery, Engineering Bay  
  66  5:34  Orbital Command  
  66  5:37  SCV x2  
  68  5:43  Marine  
  68  5:46  Supply Depot, Barracks Reactor  
  68  5:49  SCV  
  71  5:50  SCV  
  71  6:00  Marine, Terran Infantry Armor Level 1  
  71  6:01  SCV  
  71  6:02  SCV, Medivac  
  71  6:03  Medivac  
  78  6:04  Marine x2  
  78  6:09  Terran Infantry Weapons Level 1  
  80  6:13  Orbital Command  
  80  6:16  Supply Depot  
  80  6:18  Supply Depot, SCV, Marine  
  81  6:21  Siege Tank  
  81  6:22  Marine x2  
  81  6:25  Marine x2  
  89  6:27  SCV  
  90  6:36  SCV, Marine  
  92  6:40  Marine x2  
  92  6:41  Barracks  
  92  6:43  Marine  
  92  6:44  Marine, Barracks  
  96  6:51  Medivac  
  96  6:53  Siege Tank  
  101  6:54  SCV, Marine  
  101  6:57  Marine  
  101  6:59  Marine  
  101  7:00  SCV  
  106  7:01  Marine  
  106  7:02  Supply Depot  
  106  7:03  Supply Depot  
  106  7:04  Combat Shield  
  106  7:06  SCV  
  107  7:10  Marine  
  107  7:12  Marine  
  109  7:17  Marine  
  109  7:20  Marine  
  108  7:23  Marine  
  108  7:25  Siege Tank  
  108  7:28  Marine  
  102  7:30  Marine  
  102  7:31  Marine  
  102  7:33  Marine  
  102  7:35  Marine  
  99  7:37  Medivac  
  99  7:38  Marine  
  99  7:40  Medivac  
  99  7:41  Marine  
  98  7:45  SCV, Marine  
  98  7:48  Marine  
  98  7:49  SCV, Marine  
  103  7:51  Marine  
  103  7:53  Marine  
  103  7:55  Marine, Armory  
  103  7:57  SCV, Siege Tank  
  110  8:00  Marine  
  110  8:01  SCV  
  110  8:03  Marine  
  111  8:05  Marine  
  111  8:07  Medivac  
  111  8:08  Orbital Command  
  111  8:09  SCV  
  102  8:13  SCV, Marine  
  103  8:21  SCV  
  103  8:25  Barracks Reactor x2, SCV  
  104  8:29  Siege Tank  
  104  8:30  Supply Depot  
  104  8:31  Supply Depot  
  104  8:33  SCV x2  
  109  8:37  Viking  
  109  8:40  Viking  
  113  8:41  SCV  
  113  8:45  SCV  
  115  8:49  Terran Infantry Weapons Level 2  
  115  8:55  SCV x2  
  117  8:56  Terran Infantry Armor Level 2  
  117  8:59  Marine x5  
  117  9:02  Supply Depot  
  122  9:03  SCV, Marine  
  122  9:05  Marine  
  122  9:06  Marine x2  
  122  9:07  Supply Depot, SCV  
  122  9:08  Viking  
  130  9:11  Refinery  
  130  9:15  Refinery  
  130  9:17  Supply Depot  
  130  9:18  Marine  
  130  9:20  Supply Depot, Marine x4  
  135  9:28  Terran Vehicle Weapons Level 1, Viking  
  135  9:29  Marine  
  137  9:32  Marine  
  137  9:36  Marine x2  
  138  9:39  Marine  
  138  9:42  Viking, Marine x4  
  137  9:47  Marine  
  138  9:55  Marine x2  
  138  9:58  Viking  
  138  9:59  Factory, Command Center, Marine x2  
  144  10:00  Marine  
  144  10:02  Marine  
  144  10:03  SCV x2  
  144  10:04  SCV  
  149  10:09  Siege Tank, Marine  
  149  10:10  Marine  
  149  10:11  Marine  
  149  10:12  Viking  
  149  10:13  Marine x2  
  159  10:15  SCV  
  159  10:18  Marine x3  
  159  10:20  Marine  
  164  10:26  Sensor Tower  
  164  10:28  Supply Depot  
  163  10:29  Marine  
  163  10:30  Supply Depot, Marine x2  
  163  10:31  Marine  
  167  10:39  Marine  
  166  10:46  Marine  
  166  10:47  Siege Tank  
  165  10:52  Marine  
  165  10:53  Marine  
  165  10:54  Marine  
  168  10:59  Marine  
  168  11:02  Marine x3  
  166  11:07  Marine x2  
  166  11:10  Marine  
  154  11:11  Marine  
  154  11:12  Marine  
Tags
 
Add a new tag
Caveats
  • Supply blocks, unpowered buildings, or Contaminate may cause inaccurate times.
  • Supply counts are checked every 10 seconds.